Sasquatch vs Rafales

Created - April 18, 2018 at 23:14

Goals
1 2 3 T
Sasquatch 0 0 3 3
Rafales 2 2 3 7
Shots
1 2 3 T
Sasquatch 5 12 16 33
Rafales 9 17 12 38

1st period

1. Rafales , Mike Zigomanis 38 (Mark Fayne 43, Dennis Persson 1) at 4:20
2. Rafales , Mike Zigomanis 39 (Milan Bartovic 35, Cody McLeod 70) at 9:19 (PP)

Penalties :
Slater Koekkoek (Stf) for Interference (Minor) at 5:27, Melker Karlsson (Gat) for Holding (Minor) at 9:07, Andrew Campbell (Gat) for Head-butting (Major / Game Misconduct) at 14:50

2nd period

3. Rafales , Jarret Stoll 23 (Michael Bournival 18) at 3:11
4. Rafales , Mike Zigomanis 40 (Dylan McIlrath 14, Cody McLeod 71) at 18:11

Penalties :
Julian Melchiori (Stf) for Slashing (Minor) at 10:14, Michael Bournival (Stf) for Holding (Minor) at 13:26

3rd period

5. Sasquatch , Brock Trotter 22 (Sergey Kalinin 9) at 3:44
6. Rafales , Cody McLeod 53 (Tim Crowder 20) at 4:37
7. Rafales , Jarret Stoll 24 (Michael Bournival 19, Kevin Veilleux 16) at 8:00
8. Sasquatch , Matt Halischuk 22 (Nick Bjugstad 48, Jason Zucker 43) at 9:51
9. Rafales , Carl Klingberg 22 (Nathan Davis 39, Mark Fayne 44) at 16:45
10. Sasquatch , Brandon Gormley 5 (Sergey Kalinin 10) at 18:28

Penalties :
Brock Trotter (Gat) for High sticking (Minor) at 1:41, Mike Zigomanis (Stf) for Fighting (Major) at 16:03, Jason Akeson (Gat) for Fighting (Major) at 16:03, Carl Klingberg (Stf) for Tripping (Minor) at 19:58

Goalie Stats

Corey Crawford (Gat), 31 saves from 38 shots - (0.816), L, 32-20-5, 60:00 minutes
Philipp Grubauer (Stf), 30 saves from 33 shots - (0.909), W, 19-11-4, 60:00 minutes

Players Stats for Sasquatch

Player Name              G  A  P  +/- PIM S  H  SB GA TA FO     MP     PP MP  PK MP  
------------------------------------------------------------------------------------
Andrew Campbell          0  0  0  -1  15  0  1  0  0  0  0/0     5:21   0:37   0:12 
Brandon Gormley          1  0  1  -1  0   2  2  4  0  4  0/0    19:07   2:33   2:21 
Brock Trotter            1  0  1   0  2   5  3  0  0  0  0/0    21:29   3:16   1:22 
Jason Akeson             0  0  0  -1  5   3  2  0  0  0  1/1    18:33   3:15   0:00 
Jason Zucker             0  1  1  -2  0   3  1  0  0  1  0/1    17:49   2:30   0:50 
Lauri Tukonen            0  0  0  -1  0   3  0  0  0  0  0/0    14:25   0:13   3:01 
Martin Marincin          0  0  0  -1  0   1  0  1  0  0  0/0    14:49   0:36   3:41 
Matt Halischuk           1  0  1  -1  0   2  0  1  0  0  0/0    15:32   0:00   1:57 
Melker Karlsson          0  0  0  -1  2   2  3  0  0  0  18/42  22:49   3:16   2:46 
Nick Bjugstad            0  1  1  -2  0   2  3  1  0  0  5/17   16:22   2:29   0:22 
Nick Leddy               0  0  0  -1  0   5  1  0  4  1  0/0    31:04   4:14   3:13 
Nicolas Deslauriers      0  0  0   0  0   1  1  0  0  0  0/0     5:34   0:13   0:00 
Patrick Wey              0  0  0  -1  0   1  1  1  0  1  0/0    29:17   3:43   2:57 
Petr Straka              0  0  0   0  0   1  2  0  0  0  0/0     8:18   2:29   0:00 
Sergey Kalinin           0  2  2   0  0   1  0  0  0  0  3/7    13:48   0:13   2:20 
Slava Voynov             0  0  0  -1  0   1  2  2  0  0  0/0    20:21   0:13   1:56 
T.J. Tynan               0  0  0   0  0   0  1  0  0  0  0/0     5:18   0:00   0:00 
Teemu Hartikainen        0  0  0  -1  0   0  3  1  1  0  0/2    12:50   0:00   1:42 

Players Stats for Rafales

Player Name              G  A  P  +/- PIM S  H  SB GA TA FO     MP     PP MP  PK MP  
------------------------------------------------------------------------------------
Brian Ferlin             0  0  0   1  0   1  0  0  0  1  1/1    11:04   1:10   0:00 
Carl Klingberg           1  0  1   1  2   7  1  0  0  0  1/1    12:46   1:15   1:06 
Chris Terry              0  0  0  -1  0   0  0  1  0  0  0/0     7:28   0:00   0:00 
Cody McLeod              1  2  3   2  0   5  0  1  1  0  2/2    23:10   3:07   3:16 
Connor Murphy            0  0  0   0  0   0  0  1  0  0  0/0    22:02   2:23   3:07 
Dennis Persson           0  1  1   1  0   1  1  2  0  1  0/0    19:42   0:28   0:00 
Dylan McIlrath           0  1  1   2  0   2  0  3  0  0  0/0    14:22   1:40   1:36 
James Marcou             0  0  0  -1  0   1  0  0  0  0  0/0     7:35   0:03   0:00 
Jarret Stoll             2  0  2   1  0   3  1  0  1  0  8/14   16:38   1:09   1:04 
Julian Melchiori         0  0  0   0  2   1  0  1  1  0  0/0    19:46   2:27   2:03 
Kevin Veilleux           0  1  1  -1  0   1  0  1  0  0  4/6     7:28   0:00   0:00 
Mark Fayne               0  2  2   1  0   1  4  2  0  2  0/0    29:18   4:01   3:12 
Michael Bournival        0  2  2   1  2   1  2  0  0  0  0/1    15:08   2:48   0:00 
Mike Zigomanis           3  0  3   3  5   8  4  1  2  1  19/34  21:28   3:10   3:18 
Milan Bartovic           0  1  1   2  0   4  1  0  0  0  3/3    21:08   3:09   1:36 
Nathan Davis             0  1  1   0  0   0  3  0  1  0  5/7    14:25   2:51   1:36 
Slater Koekkoek          0  0  0   2  2   1  0  0  1  0  0/0    15:30   3:21   1:58 
Tim Crowder              0  1  1   1  0   1  3  0  0  0  0/1    14:59   2:48   0:00 

3 Stars

1 - Mike Zigomanis (Stf)
2 - Cody McLeod (Stf)
3 - Jarret Stoll (Stf)

Power Play

Sasquatch - 0 on 4 Attempt(s) - 0.00%
Rafales - 1 on 3 Attempt(s) - 33.33%

Penalty Kill

Sasquatch - 2 on 3 Attempt(s) - 66.67% - Score 0 goal in Penalty Kill
Rafales - 4 on 4 Attempt(s) - 100.00% - Score 0 goal in Penalty Kill

Team Stat

Sasquatch - Hits : 26 - Faceoff Wins : 27 - Blocked Shots : 11 - Penalty Minutes : 24
Rafales - Hits : 20 - Faceoff Wins : 43 - Blocked Shots : 13 - Penalty Minutes : 13

Official

Referees : Kowal Tom and Hasenfratz Mike
Linesman : Mike Cvik and Pierre Champoux

Game Notes

Andrew Campbell ejected from game at 14:50 of 1st period
Mike Zigomanis has scored a Hat Trick!
Mike Zigomanis beats up Jason Akeson at 16:03 of 3rd period

Finance

Level 1 -- Attendance: 1531 (76.55%) -- Ticket Income $61,240
Level 2 -- Attendance: 718 (71.80%) -- Ticket Income $14,360
Total Attendance: 2249 (74.97%)
Total Ticket Income: $75,600
Other Income: $3,780
Total Income: $79,380

Sasquatch

5 vs 5 Forward 
   Center                   Left Wing                Right Wing               Time % Phy DF OF 
 1 Melker Karlsson          Brock Trotter            Jason Akeson             40     1   2  2  
 2 Nick Bjugstad            Jason Zucker             Matt Halischuk           30     1   2  2  
 3 Sergey Kalinin           Teemu Hartikainen        Lauri Tukonen            20     1   2  2  
 4 T.J. Tynan               Nicolas Deslauriers      Petr Straka              10     1   2  2  

5 vs 5 Defense 
   Defense                  Defense                                           Time % Phy DF OF 
 1 Patrick Wey              Nick Leddy                                        40     1   2  2  
 2 Brandon Gormley          Andrew Campbell                                   30     1   2  2  
 3 Martin Marincin          Slava Voynov                                      20     1   2  2  
 4 Slava Voynov             Andrew Campbell                                   10     1   2  2  

PowerPlay Forward 
   Center                   Left Wing                Right Wing               Time % Phy DF OF 
 1 Melker Karlsson          Brock Trotter            Jason Akeson             60     1   2  2  
 2 Nick Bjugstad            Jason Zucker             Petr Straka              40     1   2  2  

PowerPlay Defense
   Defense                  Defense                                           Time % Phy DF OF 
 1 Nick Leddy               Patrick Wey                                       60     1   2  2  
 2 Brandon Gormley          Andrew Campbell                                   40     1   2  2  

Penalty Kill 4 Players Forward 
   Center                   Wing                     Time % Phy DF OF 
 1 Melker Karlsson          Lauri Tukonen            60     1   2  2  
 2 Sergey Kalinin           Matt Halischuk           40     1   2  2  

Penalty Kill 4 Players Defense
   Defense                  Defense                  Time % Phy DF OF 
 1 Martin Marincin          Andrew Campbell          60     1   2  2  
 2 Brandon Gormley          Patrick Wey              40     1   2  2  

Penalty Kill - 3 Players Forward 
   Forward                                           Time % Phy DF OF 
 1 Sergey Kalinin                                    60     1   2  2  
 2 Brock Trotter                                     40     1   2  2  

Penalty Kill - 3 Players Defense
   Defense                  Defense                  Time % Phy DF OF 
 1 Andrew Campbell          Brandon Gormley          60     1   2  2  
 2 Martin Marincin          Patrick Wey              40     1   2  2  

4 vs 4 Forward 
   Center                   Wing                     Time % Phy DF OF 
 1 Nick Bjugstad            Brock Trotter            60     1   2  2  
 2 Melker Karlsson          Jason Zucker             40     1   2  2  

4 vs 4 Defense
   Defense                  Defense                  Time % Phy DF OF 
 1 Brandon Gormley          Patrick Wey              60     1   2  2  
 2 Nick Leddy               Martin Marincin          40     1   2  2  

Last Minutes Offensive
   Center                   Left Wing                Right Wing               Defense                  Defense                  
   Nick Bjugstad            Brock Trotter            Jason Akeson             Brandon Gormley          Nick Leddy               

Last Minutes Defensive
   Center                   Left Wing                Right Wing               Defense                  Defense                  
   Melker Karlsson          Brock Trotter            Matt Halischuk           Martin Marincin          Andrew Campbell          

Goaltenders
Starting : Corey Crawford           
Backup : Joonas Korpisalo         

Extra Forwards
Normal : Jason Zucker, Petr Straka, Teemu Hartikainen - PP : Jason Zucker, Melker Karlsson - PK : Teemu Hartikainen
Extra Defensemen
Normal : Brandon Gormley, Slava Voynov, Nick Leddy - PP : Brandon Gormley - PK : Nick Leddy, Slava Voynov
Penalty Shots
Jason Akeson, Jason Zucker, Brock Trotter, Nick Leddy, Lauri Tukonen

Scratches
Andy Andreoff (Healthy), Drew Shore (Left Wrist Injury), Ty Rattie (Healthy), Filip Forsberg (Torso Injury), Joey Laleggia (Healthy)
Jack Campbell (Healthy)

Rafales

5 vs 5 Forward 
   Center                   Left Wing                Right Wing               Time % Phy DF OF 
 1 Mike Zigomanis           Cody McLeod              Milan Bartovic           40     1   1  3  
 2 Jarret Stoll             Michael Bournival        Tim Crowder              30     1   1  3  
 3 Nathan Davis             Carl Klingberg           Brian Ferlin             20     1   1  3  
 4 Kevin Veilleux           Chris Terry              James Marcou             10     1   1  3  

5 vs 5 Defense 
   Defense                  Defense                                           Time % Phy DF OF 
 1 Dennis Persson           Mark Fayne                                        40     1   3  1  
 2 Julian Melchiori         Connor Murphy                                     30     1   3  1  
 3 Dylan McIlrath           Slater Koekkoek                                   20     1   3  1  
 4 Mark Fayne               Connor Murphy                                     10     1   3  1  

PowerPlay Forward 
   Center                   Left Wing                Right Wing               Time % Phy DF OF 
 1 Mike Zigomanis           Cody McLeod              Milan Bartovic           60     0   0  5  
 2 Nathan Davis             Michael Bournival        Tim Crowder              40     0   0  5  

PowerPlay Defense
   Defense                  Defense                                           Time % Phy DF OF 
 1 Slater Koekkoek          Mark Fayne                                        60     0   2  3  
 2 Julian Melchiori         Connor Murphy                                     40     0   2  3  

Penalty Kill 4 Players Forward 
   Center                   Wing                     Time % Phy DF OF 
 1 Mike Zigomanis           Cody McLeod              60     0   4  1  
 2 Nathan Davis             Milan Bartovic           40     0   4  1  

Penalty Kill 4 Players Defense
   Defense                  Defense                  Time % Phy DF OF 
 1 Slater Koekkoek          Mark Fayne               60     1   4  0  
 2 Julian Melchiori         Connor Murphy            40     1   4  0  

Penalty Kill - 3 Players Forward 
   Forward                                           Time % Phy DF OF 
 1 Mike Zigomanis                                    60     0   5  0  
 2 Cody McLeod                                       40     0   5  0  

Penalty Kill - 3 Players Defense
   Defense                  Defense                  Time % Phy DF OF 
 1 Slater Koekkoek          Mark Fayne               60     1   4  0  
 2 Julian Melchiori         Connor Murphy            40     1   4  0  

4 vs 4 Forward 
   Center                   Wing                     Time % Phy DF OF 
 1 Mike Zigomanis           Cody McLeod              60     1   1  3  
 2 Nathan Davis             Milan Bartovic           40     1   1  3  

4 vs 4 Defense
   Defense                  Defense                  Time % Phy DF OF 
 1 Slater Koekkoek          Mark Fayne               60     1   3  1  
 2 Julian Melchiori         Connor Murphy            40     1   3  1  

Last Minutes Offensive
   Center                   Left Wing                Right Wing               Defense                  Defense                  
   Mike Zigomanis           Cody McLeod              Milan Bartovic           Connor Murphy            Mark Fayne               

Last Minutes Defensive
   Center                   Left Wing                Right Wing               Defense                  Defense                  
   Mike Zigomanis           Cody McLeod              Milan Bartovic           Slater Koekkoek          Mark Fayne               

Goaltenders
Starting : Philipp Grubauer         
Backup : Leland Irving            

Extra Forwards
Normal : Cody McLeod, Mike Zigomanis, Milan Bartovic - PP : Cody McLeod, Mike Zigomanis - PK : Mike Zigomanis
Extra Defensemen
Normal : Connor Murphy, Mark Fayne, Slater Koekkoek - PP : Connor Murphy - PK : Slater Koekkoek, Mark Fayne
Penalty Shots
Mike Zigomanis, Cody McLeod, Nathan Davis, Milan Bartovic, James Marcou

Scratches
Ben Sexton (Healthy), Cedric Paquette (Healthy), Ryan Bourque (Healthy), Ben Johnson (Healthy), Nicklas Jensen (Healthy)
Jayson Megna (Healthy), Brad Ross (Healthy), Ben Thomson (Healthy), David Broll (Healthy), Stefan Chaput (Healthy)
Akim Aliu (Healthy), Maksim Mayorov (Healthy), Chris Driedger (Healthy)

% Time on Ice - Sasquatch

Lines # - Real PCT - Wanted PCT - Time Play
Normal Forward
1 - 36% - 40% - 16:51
2 - 29% - 30% - 13:35
3 - 24% - 20% - 11:08
4 - 11% - 10% - 5:18
Normal Defense
1 - 42% - 40% - 19:40
2 - 32% - 30% - 14:59
3 - 19% - 20% - 9:06
4 - 7% - 10% - 3:07
PP Forward
1 - 58% - 60% - 3:29
2 - 42% - 40% - 2:29
PP Defense
1 - 47% - 60% - 2:49
2 - 53% - 40% - 3:09
PK Forward
1 - 73% - 60% - 5:13
2 - 27% - 40% - 1:57
PK Defense
1 - 71% - 60% - 5:05
2 - 29% - 40% - 2:05
PK3 Forward
1 - 0% - 60%
2 - 0% - 40%
PK3 Defense
1 - 0% - 60%
2 - 0% - 40%
44 Forward
1 - 0% - 60%
2 - 0% - 40%
44 Defense
1 - 0% - 60%
2 - 0% - 40%
Last Minute Offensive  - 0:00
Last Minute Defensive  - 0:00
Total
Forward - 60:00
Defense - 60:00

% Time on Ice - Rafales

Lines # - Real PCT - Wanted PCT - Time Play
Normal Forward
1 - 37% - 40% - 17:19
2 - 26% - 30% - 12:11
3 - 21% - 20% - 9:54
4 - 16% - 10% - 7:28
Normal Defense
1 - 42% - 40% - 19:42
2 - 33% - 30% - 15:29
3 - 21% - 20% - 9:44
4 - 4% - 10% - 1:57
PP Forward
1 - 60% - 60% - 4:19
2 - 40% - 40% - 2:51
PP Defense
1 - 66% - 60% - 4:45
2 - 34% - 40% - 2:25
PK Forward
1 - 73% - 60% - 4:22
2 - 27% - 40% - 1:36
PK Defense
1 - 61% - 60% - 3:39
2 - 39% - 40% - 2:19
PK3 Forward
1 - 0% - 60%
2 - 0% - 40%
PK3 Defense
1 - 0% - 60%
2 - 0% - 40%
44 Forward
1 - 0% - 60%
2 - 0% - 40%
44 Defense
1 - 0% - 60%
2 - 0% - 40%
Last Minute Offensive  - 0:00
Last Minute Defensive  - 0:00
Total
Forward - 60:00
Defense - 60:00

Play by Play

1st period


0:01 of 1st period - Melker Karlsson wins face-off versus Mike Zigomanis in neutral zone.
0:04 of 1st period - Dennis Persson is hit by Melker Karlsson and loses puck.
0:25 of 1st period - Nick Bjugstad is hit by Michael Bournival and loses puck.
1:30 of 1st period - Wrist shot by Jason Akeson.
1:30 of 1st period - Stopped by Philipp Grubauer with a rebound.
1:32 of 1st period - Backhand shot by Jason Akeson.
1:32 of 1st period - Stopped by Philipp Grubauer with a rebound.
2:32 of 1st period - Brock Trotter is hit by Mark Fayne.
2:51 of 1st period - Dennis Persson is hit by Brandon Gormley.
3:33 of 1st period - Slater Koekkoek is hit by Slava Voynov and loses puck.
4:13 of 1st period - Dennis Persson is hit by Andrew Campbell and loses puck.
4:20 of 1st period - Slapshot by Mike Zigomanis.
4:20 of 1st period - Goal by Mike Zigomanis - Sasquatch : 0 - Rafales : 1.
4:21 of 1st period - Mike Zigomanis wins face-off versus Melker Karlsson in neutral zone.
4:43 of 1st period - Icing by Andrew Campbell.
4:44 of 1st period - Nick Bjugstad wins face-off versus Michael Bournival in Sasquatch zone.
5:19 of 1st period - Snap shot by Nick Leddy.
5:19 of 1st period - Deflect By Mark Fayne.
5:19 of 1st period - Stopped by Philipp Grubauer without a rebound.
5:20 of 1st period - Mike Zigomanis wins face-off versus Melker Karlsson in Rafales zone.
5:20 of 1st period - Mike Zigomanis is hit by Patrick Wey.
5:27 of 1st period - Minor Penalty to Slater Koekkoek for Interference.
5:28 of 1st period - Mike Zigomanis wins face-off versus Melker Karlsson in Rafales zone.
7:27 of 1st period - Penalty to Slater Koekkoek is over, Slater Koekkoek is back on ice.
7:29 of 1st period - Icing by Julian Melchiori.
7:30 of 1st period - Jarret Stoll wins face-off versus Teemu Hartikainen in Rafales zone.
7:54 of 1st period - Off-side.
7:55 of 1st period - Nick Bjugstad wins face-off versus Kevin Veilleux in neutral zone.
8:04 of 1st period - Slapshot by Mark Fayne.
8:04 of 1st period - Shot Misses the Net.
8:25 of 1st period - Wrist shot by Jason Zucker.
8:25 of 1st period - Shot Misses the Net.
8:37 of 1st period - Slapshot by Jason Zucker.
8:37 of 1st period - Shot Misses the Net.
8:39 of 1st period - Wrist shot by Jason Zucker.
8:39 of 1st period - Shot Misses the Net.
8:41 of 1st period - Snap shot by Jason Zucker.
8:41 of 1st period - Shot Misses the Net.
9:03 of 1st period - Wrist shot by Michael Bournival.
9:03 of 1st period - Stopped by Corey Crawford without a rebound.
9:04 of 1st period - Mike Zigomanis wins face-off versus Melker Karlsson in Sasquatch zone.
9:05 of 1st period - Slapshot by Cody McLeod.
9:05 of 1st period - Deflect By Milan Bartovic.
9:05 of 1st period - Stopped by Corey Crawford with a rebound.
9:07 of 1st period - Minor Penalty to Melker Karlsson for Holding.
9:08 of 1st period - Mike Zigomanis wins face-off versus Teemu Hartikainen in Sasquatch zone.
9:19 of 1st period - Slapshot by Mike Zigomanis.
9:19 of 1st period - Goal by Mike Zigomanis - Sasquatch : 0 - Rafales : 2.
9:20 of 1st period - Melker Karlsson wins face-off versus Mike Zigomanis in neutral zone.
9:32 of 1st period - Icing by Jason Akeson.
9:33 of 1st period - Mike Zigomanis wins face-off versus Melker Karlsson in Sasquatch zone.
9:46 of 1st period - Slapshot by Nick Leddy.
9:46 of 1st period - Deflect By Brock Trotter.
9:46 of 1st period - Shot Hit the Post.
9:46 of 1st period - Puck is out of play.
9:47 of 1st period - Melker Karlsson wins face-off versus Nathan Davis in Rafales zone.
10:14 of 1st period - Lauri Tukonen is hit by Tim Crowder.
10:28 of 1st period - Brandon Gormley is hit by Jarret Stoll and loses puck.
10:39 of 1st period - Wrist shot by James Marcou.
10:39 of 1st period - Shot Misses the Net.
10:41 of 1st period - Slapshot by Mark Fayne.
10:41 of 1st period - Stopped by Corey Crawford without a rebound.
10:42 of 1st period - Melker Karlsson wins face-off versus Kevin Veilleux in Sasquatch zone.
11:54 of 1st period - Carl Klingberg is hit by Melker Karlsson and loses puck.
12:15 of 1st period - Snap shot by Teemu Hartikainen.
12:15 of 1st period - Shot Hit the Post.
12:17 of 1st period - Snap shot by Lauri Tukonen.
12:17 of 1st period - Stopped by Philipp Grubauer without a rebound.
12:18 of 1st period - Jarret Stoll wins face-off versus Sergey Kalinin in Rafales zone.
12:45 of 1st period - Jason Akeson is hit by Mike Zigomanis and loses puck.
13:06 of 1st period - Snap shot by James Marcou.
13:06 of 1st period - Deflect By Kevin Veilleux.
13:06 of 1st period - Stopped by Corey Crawford without a rebound.
13:07 of 1st period - Kevin Veilleux wins face-off versus Nick Bjugstad in Sasquatch zone.
13:20 of 1st period - Slapshot by James Marcou.
13:20 of 1st period - Stopped by Corey Crawford without a rebound.
13:21 of 1st period - Mike Zigomanis wins face-off versus Melker Karlsson in Sasquatch zone.
13:22 of 1st period - Slapshot by Cody McLeod.
13:22 of 1st period - Shot Misses the Net.
13:24 of 1st period - Snap shot by Milan Bartovic.
13:24 of 1st period - Stopped by Corey Crawford without a rebound.
13:25 of 1st period - Melker Karlsson wins face-off versus Mike Zigomanis in Sasquatch zone.
13:39 of 1st period - Icing by Milan Bartovic.
13:40 of 1st period - Mike Zigomanis wins face-off versus Nick Bjugstad in Rafales zone.
14:24 of 1st period - Slapshot by Mike Zigomanis.
14:24 of 1st period - Shot Blocked by Nick Bjugstad.
14:26 of 1st period - Wrist shot by Mike Zigomanis.
14:26 of 1st period - Shot Blocked by Patrick Wey.
14:28 of 1st period - Wrist shot by Cody McLeod.
14:28 of 1st period - Stopped by Corey Crawford without a rebound.
14:29 of 1st period - Melker Karlsson wins face-off versus Jarret Stoll in Sasquatch zone.
14:50 of 1st period - Major / Game Misconduct Penalty to Andrew Campbell for Head-butting.
14:50 of 1st period - Andrew Campbell is ejected from game.
14:51 of 1st period - Melker Karlsson wins face-off versus Mike Zigomanis in Sasquatch zone.
15:44 of 1st period - Snap shot by Sergey Kalinin.
15:44 of 1st period - Shot Blocked by Julian Melchiori.
16:51 of 1st period - Brock Trotter is hit by Carl Klingberg and loses puck.
16:58 of 1st period - Snap shot by Jarret Stoll.
16:58 of 1st period - Shot Blocked by Martin Marincin.
19:50 of 1st period - Penalty to Andrew Campbell is over, Teemu Hartikainen is send on ice.
19:58 of 1st period - Slapshot by Brandon Gormley.
19:58 of 1st period - Deflect By Nicolas Deslauriers.
19:58 of 1st period - Stopped by Philipp Grubauer with a rebound.
Goals for this period are 0 for Sasquatch vs 2 for Rafales.
Shots for this period are 5 for Sasquatch vs 9 for Rafales.

2nd period


0:01 of 2nd period - Milan Bartovic wins face-off versus Melker Karlsson in neutral zone.
0:11 of 2nd period - Wrist shot by Nick Leddy.
0:11 of 2nd period - Stopped by Philipp Grubauer with a rebound.
0:35 of 2nd period - Wrist shot by Nick Bjugstad.
0:35 of 2nd period - Shot Misses the Net.
0:37 of 2nd period - Wrist shot by Nick Bjugstad.
0:37 of 2nd period - Stopped by Philipp Grubauer with a rebound.
1:08 of 2nd period - Milan Bartovic is hit by Nicolas Deslauriers and loses puck.
1:29 of 2nd period - Slapshot by James Marcou.
1:29 of 2nd period - Shot Blocked by Brandon Gormley.
2:04 of 2nd period - Michael Bournival is hit by Teemu Hartikainen.
2:58 of 2nd period - Sergey Kalinin is hit by Michael Bournival and loses puck.
3:11 of 2nd period - Wrist shot by Jarret Stoll.
3:11 of 2nd period - Goal by Jarret Stoll - Sasquatch : 0 - Rafales : 3.
3:12 of 2nd period - Melker Karlsson wins face-off versus Mike Zigomanis in neutral zone.
3:26 of 2nd period - Wrist shot by Jason Akeson.
3:26 of 2nd period - Stopped by Philipp Grubauer with a rebound.
3:28 of 2nd period - Slapshot by Martin Marincin.
3:28 of 2nd period - Deflect By Melker Karlsson.
3:28 of 2nd period - Shot Blocked by Mike Zigomanis.
3:28 of 2nd period - Puck is out of play.
3:29 of 2nd period - Nick Bjugstad wins face-off versus Nathan Davis in Rafales zone.
3:34 of 2nd period - Slapshot by Nick Bjugstad.
3:34 of 2nd period - Stopped by Philipp Grubauer with a rebound.
3:40 of 2nd period - Wrist shot by Matt Halischuk.
3:40 of 2nd period - Stopped by Philipp Grubauer without a rebound.
3:41 of 2nd period - Melker Karlsson wins face-off versus Mike Zigomanis in Rafales zone.
3:42 of 2nd period - Slapshot by Brock Trotter.
3:42 of 2nd period - Shot Misses the Net.
3:56 of 2nd period - Snap shot by Cody McLeod.
3:56 of 2nd period - Deflect By Mike Zigomanis.
3:56 of 2nd period - Stopped by Corey Crawford without a rebound.
3:57 of 2nd period - Carl Klingberg wins face-off versus Nick Bjugstad in Sasquatch zone.
4:02 of 2nd period - Slapshot by Brian Ferlin.
4:02 of 2nd period - Shot Misses the Net.
4:22 of 2nd period - Mark Fayne is hit by Jason Akeson.
4:48 of 2nd period - Connor Murphy is hit by Brandon Gormley and loses puck.
5:34 of 2nd period - Snap shot by Chris Terry.
5:34 of 2nd period - Deflect By James Marcou.
5:34 of 2nd period - Shot Blocked by Matt Halischuk.
5:34 of 2nd period - Puck is out of play.
5:35 of 2nd period - Kevin Veilleux wins face-off versus Nick Bjugstad in Sasquatch zone.
5:46 of 2nd period - Snap shot by Nick Bjugstad.
5:46 of 2nd period - Shot Misses the Net.
5:48 of 2nd period - Slapshot by Patrick Wey.
5:48 of 2nd period - Deflect By Matt Halischuk.
5:48 of 2nd period - Shot Misses the Net.
5:48 of 2nd period - Puck is out of play.
5:49 of 2nd period - Melker Karlsson wins face-off versus Mike Zigomanis in Rafales zone.
5:50 of 2nd period - Slapshot by Brock Trotter.
5:50 of 2nd period - Shot Misses the Net.
6:21 of 2nd period - Slapshot by Carl Klingberg.
6:21 of 2nd period - Shot Misses the Net.
6:43 of 2nd period - Snap shot by Sergey Kalinin.
6:43 of 2nd period - Shot Misses the Net.
6:45 of 2nd period - Snap shot by Sergey Kalinin.
6:45 of 2nd period - Shot Misses the Net.
6:47 of 2nd period - Snap shot by Lauri Tukonen.
6:47 of 2nd period - Shot Blocked by Chris Terry.
6:49 of 2nd period - Slapshot by Slava Voynov.
6:49 of 2nd period - Shot Blocked by Connor Murphy.
7:38 of 2nd period - Mark Fayne is hit by Nick Bjugstad.
8:02 of 2nd period - Backhand shot by Lauri Tukonen.
8:02 of 2nd period - Stopped by Philipp Grubauer without a rebound.
8:03 of 2nd period - Mike Zigomanis wins face-off versus Sergey Kalinin in Rafales zone.
8:12 of 2nd period - Snap shot by Cody McLeod.
8:12 of 2nd period - Stopped by Corey Crawford with a rebound.
8:16 of 2nd period - Wrist shot by Cody McLeod.
8:16 of 2nd period - Shot Blocked by Brandon Gormley.
8:29 of 2nd period - Sergey Kalinin is hit by Nathan Davis and loses puck.
8:34 of 2nd period - Wrist shot by Carl Klingberg.
8:34 of 2nd period - Stopped by Corey Crawford without a rebound.
8:35 of 2nd period - Brian Ferlin wins face-off versus Melker Karlsson in Sasquatch zone.
8:40 of 2nd period - Snap shot by Nathan Davis.
8:40 of 2nd period - Shot Misses the Net.
8:42 of 2nd period - Slapshot by Brian Ferlin.
8:42 of 2nd period - Stopped by Corey Crawford without a rebound.
8:43 of 2nd period - Melker Karlsson wins face-off versus Mike Zigomanis in Sasquatch zone.
8:43 of 2nd period - Melker Karlsson is hit by Mike Zigomanis.
8:57 of 2nd period - Snap shot by Melker Karlsson.
8:57 of 2nd period - Stopped by Philipp Grubauer without a rebound.
8:58 of 2nd period - Jarret Stoll wins face-off versus Nick Bjugstad in Rafales zone.
10:14 of 2nd period - Minor Penalty to Julian Melchiori for Slashing.
10:15 of 2nd period - Mike Zigomanis wins face-off versus Melker Karlsson in Rafales zone.
10:23 of 2nd period - Slapshot by Nick Leddy.
10:23 of 2nd period - Stopped by Philipp Grubauer with a rebound.
10:25 of 2nd period - Snap shot by Melker Karlsson.
10:25 of 2nd period - Stopped by Philipp Grubauer without a rebound.
10:26 of 2nd period - Jason Akeson wins face-off versus Mike Zigomanis in Rafales zone.
10:39 of 2nd period - Slapshot by Nick Leddy.
10:39 of 2nd period - Shot Misses the Net.
10:41 of 2nd period - Slapshot by Nick Leddy.
10:41 of 2nd period - Shot Blocked by Cody McLeod.
11:01 of 2nd period - Snap shot by Jason Zucker.
11:01 of 2nd period - Stopped by Philipp Grubauer with a rebound.
12:13 of 2nd period - Brock Trotter is hit by Mark Fayne and loses puck.
12:14 of 2nd period - Penalty to Julian Melchiori is over, Julian Melchiori is back on ice.
12:40 of 2nd period - Slapshot by Lauri Tukonen.
12:40 of 2nd period - Shot Blocked by Kevin Veilleux.
12:59 of 2nd period - Slapshot by Lauri Tukonen.
12:59 of 2nd period - Stopped by Philipp Grubauer with a rebound.
13:01 of 2nd period - Snap shot by Lauri Tukonen.
13:01 of 2nd period - Shot Blocked by Dylan McIlrath.
13:03 of 2nd period - Snap shot by Teemu Hartikainen.
13:03 of 2nd period - Shot Misses the Net.
13:05 of 2nd period - Slapshot by Slava Voynov.
13:05 of 2nd period - Shot Misses the Net.
13:07 of 2nd period - Slapshot by Martin Marincin.
13:07 of 2nd period - Stopped by Philipp Grubauer without a rebound.
13:08 of 2nd period - Nick Bjugstad wins face-off versus Tim Crowder in Rafales zone.
13:26 of 2nd period - Minor Penalty to Michael Bournival for Holding.
13:27 of 2nd period - Mike Zigomanis wins face-off versus Melker Karlsson in Rafales zone.
13:37 of 2nd period - Icing by Patrick Wey.
13:38 of 2nd period - Mike Zigomanis wins face-off versus Melker Karlsson in Sasquatch zone.
13:59 of 2nd period - Connor Murphy is hit by Melker Karlsson.
14:19 of 2nd period - Nathan Davis is hit by Nick Bjugstad and loses puck.
14:30 of 2nd period - Jason Akeson is hit by Mike Zigomanis.
15:18 of 2nd period - Snap shot by Carl Klingberg.
15:18 of 2nd period - Stopped by Corey Crawford with a rebound.
15:26 of 2nd period - Penalty to Michael Bournival is over, Michael Bournival is back on ice.
15:35 of 2nd period - Icing by Patrick Wey.
15:36 of 2nd period - Jarret Stoll wins face-off versus Sergey Kalinin in Sasquatch zone.
15:37 of 2nd period - Slapshot by Tim Crowder.
15:37 of 2nd period - Stopped by Corey Crawford with a rebound.
16:01 of 2nd period - Petr Straka is hit by Dennis Persson and loses puck.
16:08 of 2nd period - Carl Klingberg is hit by Petr Straka and loses puck.
16:41 of 2nd period - Snap shot by Cody McLeod.
16:41 of 2nd period - Stopped by Corey Crawford with a rebound.
16:43 of 2nd period - Slapshot by Dylan McIlrath.
16:43 of 2nd period - Stopped by Corey Crawford without a rebound.
16:44 of 2nd period - Mike Zigomanis wins face-off versus Melker Karlsson in Sasquatch zone.
16:59 of 2nd period - Slapshot by Cody McLeod.
16:59 of 2nd period - Deflect By Mike Zigomanis.
16:59 of 2nd period - Stopped by Corey Crawford with a rebound.
17:31 of 2nd period - Wrist shot by Jason Akeson.
17:31 of 2nd period - Shot Misses the Net.
17:57 of 2nd period - Snap shot by Mike Zigomanis.
17:57 of 2nd period - Stopped by Corey Crawford with a rebound.
17:59 of 2nd period - Snap shot by Cody McLeod.
17:59 of 2nd period - Shot Blocked by Brandon Gormley.
18:01 of 2nd period - Slapshot by Slater Koekkoek.
18:01 of 2nd period - Stopped by Corey Crawford with a rebound.
18:03 of 2nd period - Snap shot by Mike Zigomanis.
18:03 of 2nd period - Stopped by Corey Crawford with a rebound.
18:05 of 2nd period - Snap shot by Cody McLeod.
18:05 of 2nd period - Stopped by Corey Crawford with a rebound.
18:07 of 2nd period - Slapshot by Dylan McIlrath.
18:07 of 2nd period - Deflect By Nick Leddy.
18:07 of 2nd period - Stopped by Corey Crawford with a rebound.
18:11 of 2nd period - Snap shot by Mike Zigomanis.
18:11 of 2nd period - Goal by Mike Zigomanis - Sasquatch : 0 - Rafales : 4.
18:12 of 2nd period - Nick Bjugstad wins face-off versus Jarret Stoll in neutral zone.
18:37 of 2nd period - Teemu Hartikainen is hit by Nathan Davis and loses puck.
18:44 of 2nd period - Snap shot by Nathan Davis.
18:44 of 2nd period - Shot Misses the Net.
18:46 of 2nd period - Snap shot by Nathan Davis.
18:46 of 2nd period - Shot Blocked by Slava Voynov.
19:08 of 2nd period - Kevin Veilleux is hit by Slava Voynov and loses puck.
19:16 of 2nd period - Icing by Julian Melchiori.
19:17 of 2nd period - Kevin Veilleux wins face-off versus Nick Bjugstad in Rafales zone.
19:32 of 2nd period - Slapshot by Jarret Stoll.
19:32 of 2nd period - Stopped by Corey Crawford without a rebound.
19:33 of 2nd period - Mike Zigomanis wins face-off versus Melker Karlsson in Sasquatch zone.
19:47 of 2nd period - Mike Zigomanis is hit by Brock Trotter and loses puck.
Goals for this period are 0 for Sasquatch vs 2 for Rafales.
Shots for this period are 12 for Sasquatch vs 17 for Rafales.

3rd period


0:01 of 3rd period - Mike Zigomanis wins face-off versus Melker Karlsson in neutral zone.
1:07 of 3rd period - Connor Murphy is hit by Petr Straka and loses puck.
1:12 of 3rd period - Snap shot by Brandon Gormley.
1:12 of 3rd period - Stopped by Philipp Grubauer without a rebound.
1:13 of 3rd period - Melker Karlsson wins face-off versus Mike Zigomanis in Rafales zone.
1:22 of 3rd period - Slapshot by Milan Bartovic.
1:22 of 3rd period - Shot Misses the Net.
1:24 of 3rd period - Wrist shot by Slater Koekkoek.
1:24 of 3rd period - Deflect By Cody McLeod.
1:24 of 3rd period - Shot Blocked by Brandon Gormley.
1:24 of 3rd period - Puck is out of play.
1:25 of 3rd period - Melker Karlsson wins face-off versus Mike Zigomanis in Sasquatch zone.
1:28 of 3rd period - Snap shot by Mike Zigomanis.
1:28 of 3rd period - Stopped by Corey Crawford with a rebound.
1:30 of 3rd period - Slapshot by Dennis Persson.
1:30 of 3rd period - Stopped by Corey Crawford with a rebound.
1:32 of 3rd period - Snap shot by Milan Bartovic.
1:32 of 3rd period - Stopped by Corey Crawford with a rebound.
1:34 of 3rd period - Snap shot by Mike Zigomanis.
1:34 of 3rd period - Shot Misses the Net.
1:36 of 3rd period - Wrist shot by Milan Bartovic.
1:36 of 3rd period - Stopped by Corey Crawford with a rebound.
1:41 of 3rd period - Minor Penalty to Brock Trotter for High sticking.
1:42 of 3rd period - Melker Karlsson wins face-off versus Mike Zigomanis in Sasquatch zone.
2:13 of 3rd period - Melker Karlsson is hit by Nathan Davis and loses puck.
3:41 of 3rd period - Penalty to Brock Trotter is over, Brock Trotter is back on ice.
3:44 of 3rd period - Wrist shot by Brock Trotter.
3:44 of 3rd period - Deflect By Julian Melchiori.
3:44 of 3rd period - Goal by Brock Trotter - Sasquatch : 1 - Rafales : 4.
3:45 of 3rd period - Kevin Veilleux wins face-off versus Jason Zucker in neutral zone.
4:02 of 3rd period - James Marcou is hit by Jason Zucker and loses puck.
4:17 of 3rd period - Jason Akeson is hit by Tim Crowder and loses puck.
4:37 of 3rd period - Wrist shot by Cody McLeod.
4:37 of 3rd period - Goal by Cody McLeod - Sasquatch : 1 - Rafales : 5.
4:38 of 3rd period - Mike Zigomanis wins face-off versus Melker Karlsson in neutral zone.
5:26 of 3rd period - Wrist shot by Nathan Davis.
5:26 of 3rd period - Shot Blocked by Teemu Hartikainen.
5:28 of 3rd period - Wrist shot by Brian Ferlin.
5:28 of 3rd period - Shot Blocked by Slava Voynov.
5:30 of 3rd period - Wrist shot by Brian Ferlin.
5:30 of 3rd period - Shot Misses the Net.
5:34 of 3rd period - Slapshot by Carl Klingberg.
5:34 of 3rd period - Stopped by Corey Crawford with a rebound.
6:07 of 3rd period - Brock Trotter is hit by Mike Zigomanis.
6:27 of 3rd period - Dennis Persson is hit by Nick Bjugstad and loses puck.
6:36 of 3rd period - Wrist shot by Matt Halischuk.
6:36 of 3rd period - Shot Hit the Post.
6:38 of 3rd period - Wrist shot by Jason Zucker.
6:38 of 3rd period - Shot Blocked by Dennis Persson.
6:59 of 3rd period - Snap shot by Nathan Davis.
6:59 of 3rd period - Shot Misses the Net.
7:11 of 3rd period - Milan Bartovic is hit by T.J. Tynan and loses puck.
7:41 of 3rd period - Kevin Veilleux is hit by Brock Trotter and loses puck.
8:00 of 3rd period - Wrist shot by Jarret Stoll.
8:00 of 3rd period - Goal by Jarret Stoll - Sasquatch : 1 - Rafales : 6.
8:01 of 3rd period - Cody McLeod wins face-off versus Melker Karlsson in neutral zone.
8:28 of 3rd period - Snap shot by Nathan Davis.
8:28 of 3rd period - Deflect By Carl Klingberg.
8:28 of 3rd period - Stopped by Corey Crawford without a rebound.
8:29 of 3rd period - Nathan Davis wins face-off versus Nick Bjugstad in Sasquatch zone.
8:56 of 3rd period - Icing by Slater Koekkoek.
8:57 of 3rd period - Sergey Kalinin wins face-off versus Mike Zigomanis in Rafales zone.
8:58 of 3rd period - Slapshot by Nick Leddy.
8:58 of 3rd period - Shot Blocked by Mark Fayne.
9:00 of 3rd period - Snap shot by Sergey Kalinin.
9:00 of 3rd period - Stopped by Philipp Grubauer without a rebound.
9:01 of 3rd period - Sergey Kalinin wins face-off versus Mike Zigomanis in Rafales zone.
9:04 of 3rd period - Slapshot by Teemu Hartikainen.
9:04 of 3rd period - Shot Misses the Net.
9:10 of 3rd period - Snap shot by Sergey Kalinin.
9:10 of 3rd period - Shot Blocked by Dennis Persson.
9:49 of 3rd period - Backhand shot by Nick Bjugstad.
9:49 of 3rd period - Shot Blocked by Mark Fayne.
9:51 of 3rd period - Wrist shot by Matt Halischuk.
9:51 of 3rd period - Goal by Matt Halischuk - Sasquatch : 2 - Rafales : 6.
9:52 of 3rd period - Melker Karlsson wins face-off versus Mike Zigomanis in neutral zone.
9:55 of 3rd period - Snap shot by Melker Karlsson.
9:55 of 3rd period - Shot Misses the Net.
9:57 of 3rd period - Wrist shot by Brock Trotter.
9:57 of 3rd period - Stopped by Philipp Grubauer with a rebound.
9:59 of 3rd period - Snap shot by Brock Trotter.
9:59 of 3rd period - Deflect By Jason Akeson.
9:59 of 3rd period - Shot Misses the Net.
9:59 of 3rd period - Puck is out of play.
10:00 of 3rd period - Cody McLeod wins face-off versus Melker Karlsson in Rafales zone.
10:00 of 3rd period - Cody McLeod is hit by Jason Akeson.
10:18 of 3rd period - Wrist shot by Jason Akeson.
10:18 of 3rd period - Shot Misses the Net.
10:20 of 3rd period - Snap shot by Patrick Wey.
10:20 of 3rd period - Stopped by Philipp Grubauer without a rebound.
10:21 of 3rd period - Jarret Stoll wins face-off versus Nick Bjugstad in Rafales zone.
10:46 of 3rd period - Milan Bartovic is hit by Teemu Hartikainen and loses puck.
10:55 of 3rd period - Wrist shot by Dennis Persson.
10:55 of 3rd period - Shot Misses the Net.
10:57 of 3rd period - Wrist shot by Julian Melchiori.
10:57 of 3rd period - Stopped by Corey Crawford without a rebound.
10:58 of 3rd period - Nathan Davis wins face-off versus Melker Karlsson in Sasquatch zone.
11:06 of 3rd period - Snap shot by Carl Klingberg.
11:06 of 3rd period - Stopped by Corey Crawford without a rebound.
11:07 of 3rd period - Nathan Davis wins face-off versus Melker Karlsson in Sasquatch zone.
11:12 of 3rd period - Snap shot by Carl Klingberg.
11:12 of 3rd period - Shot Misses the Net.
11:24 of 3rd period - Slapshot by Brock Trotter.
11:24 of 3rd period - Stopped by Philipp Grubauer without a rebound.
11:25 of 3rd period - Mike Zigomanis wins face-off versus Nick Bjugstad in Rafales zone.
11:40 of 3rd period - Snap shot by Jason Zucker.
11:40 of 3rd period - Stopped by Philipp Grubauer without a rebound.
11:41 of 3rd period - Melker Karlsson wins face-off versus Jarret Stoll in Rafales zone.
11:50 of 3rd period - Slapshot by Jason Akeson.
11:50 of 3rd period - Deflect By Brock Trotter.
11:50 of 3rd period - Stopped by Philipp Grubauer without a rebound.
11:51 of 3rd period - Jarret Stoll wins face-off versus Melker Karlsson in Rafales zone.
12:16 of 3rd period - Snap shot by Brock Trotter.
12:16 of 3rd period - Stopped by Philipp Grubauer without a rebound.
12:17 of 3rd period - Mike Zigomanis wins face-off versus Nick Bjugstad in Rafales zone.
12:42 of 3rd period - Brian Ferlin is hit by Teemu Hartikainen and loses puck.
14:10 of 3rd period - Brandon Gormley is hit by Mark Fayne and loses puck.
14:13 of 3rd period - Slapshot by Slava Voynov.
14:13 of 3rd period - Deflect By Jarret Stoll.
14:13 of 3rd period - Stopped by Philipp Grubauer without a rebound.
14:14 of 3rd period - Sergey Kalinin wins face-off versus Jarret Stoll in Rafales zone.
14:26 of 3rd period - Icing by Slava Voynov.
14:27 of 3rd period - Mike Zigomanis wins face-off versus Sergey Kalinin in Sasquatch zone.
14:32 of 3rd period - Wrist shot by Mike Zigomanis.
14:32 of 3rd period - Shot Misses the Net.
14:49 of 3rd period - Off-side.
14:50 of 3rd period - Melker Karlsson wins face-off versus Jarret Stoll in neutral zone.
15:55 of 3rd period - Wrist shot by Jason Zucker.
15:55 of 3rd period - Stopped by Philipp Grubauer with a rebound.
15:57 of 3rd period - Snap shot by Nick Leddy.
15:57 of 3rd period - Deflect By James Marcou.
15:57 of 3rd period - Stopped by Philipp Grubauer without a rebound.
15:58 of 3rd period - Milan Bartovic wins face-off versus Melker Karlsson in Rafales zone.
15:58 of 3rd period - Milan Bartovic is hit by Brock Trotter.
16:03 of 3rd period - Mike Zigomanis beats up Jason Akeson.
16:03 of 3rd period - Penalty to Mike Zigomanis for Fighting.
16:03 of 3rd period - Penalty to Jason Akeson for Fighting.
16:04 of 3rd period - Jarret Stoll wins face-off versus Melker Karlsson in neutral zone.
16:07 of 3rd period - Patrick Wey is hit by Milan Bartovic and loses puck.
16:18 of 3rd period - Backhand shot by Nick Leddy.
16:18 of 3rd period - Shot Misses the Net.
16:20 of 3rd period - Slapshot by Nick Leddy.
16:20 of 3rd period - Stopped by Philipp Grubauer without a rebound.
16:21 of 3rd period - Nathan Davis wins face-off versus Nick Bjugstad in Rafales zone.
16:21 of 3rd period - Nathan Davis is hit by Nick Leddy.
16:29 of 3rd period - Wrist shot by Carl Klingberg.
16:29 of 3rd period - Stopped by Corey Crawford without a rebound.
16:30 of 3rd period - Nathan Davis wins face-off versus Nick Bjugstad in Sasquatch zone.
16:43 of 3rd period - Snap shot by Nathan Davis.
16:43 of 3rd period - Shot Misses the Net.
16:45 of 3rd period - Snap shot by Carl Klingberg.
16:45 of 3rd period - Goal by Carl Klingberg - Sasquatch : 2 - Rafales : 7.
16:46 of 3rd period - Milan Bartovic wins face-off versus Melker Karlsson in neutral zone.
17:41 of 3rd period - Snap shot by Petr Straka.
17:41 of 3rd period - Stopped by Philipp Grubauer with a rebound.
17:43 of 3rd period - Slapshot by Nicolas Deslauriers.
17:43 of 3rd period - Shot Blocked by Dylan McIlrath.
17:45 of 3rd period - Snap shot by Nicolas Deslauriers.
17:45 of 3rd period - Shot Blocked by Dylan McIlrath.
17:55 of 3rd period - Nick Bjugstad is hit by Tim Crowder and loses puck.
18:28 of 3rd period - Snap shot by Brandon Gormley.
18:28 of 3rd period - Goal by Brandon Gormley - Sasquatch : 3 - Rafales : 7.
18:29 of 3rd period - Jarret Stoll wins face-off versus Melker Karlsson in neutral zone.
18:58 of 3rd period - Brandon Gormley is hit by Mark Fayne and loses puck.
19:58 of 3rd period - Minor Penalty to Carl Klingberg for Tripping.
19:59 of 3rd period - Melker Karlsson wins face-off versus Jarret Stoll in Rafales zone.
Goals for this period are 3 for Sasquatch vs 3 for Rafales.
Shots for this period are 16 for Sasquatch vs 12 for Rafales.